cohdb
Replays
Latest Replays
All Replays
Popular Replays
Top Player Replays
Match Explorer
How It Works
Community
CoH3 Stats
Reddit
Sign in to upload your games and track your stats! →
Sign in with Steam
Match 43852212
Unlisted
Match 43852212
Overview
Messages
Build Orders
End
Kettenkrad Recon Vehicle
Construct Infanterie Kompanie
Selects Breakthrough Battlegroup
Selects Assault Grenadiers
Grenadier Squad
MG 42 Machine Gun Team
Grenadier Squad
GrW 34 Mortar Team
Medical Station
Construct Luftwaffe Kompanie
Selects Breakthrough
Jäger Squad
Support Elements
Luftwaffe Officer Quarters
Selects Incendiary Bombing Run
Wirbelwind Flakpanzer
Jäger Squad
Marder III M Tank Destroyer
Incendiary Bombing Run
pagep
DarkRun
0
0
Comments
sign in to comment!
No comments posted yet!